 Dungeon Crawl Stone Soup version 0.21-a0-49-g7bf2ba4 (console) character file.

585128 johnnyzero the Prestidigitator (level 27, 0/201 HPs)
             Began as a Gnoll Wanderer on June 10, 2017.
             Was a Priest of the Shining One (penitent).
             Killed from afar by Dioz Eran the pandemonium lord (17 damage)
             ... with a bolt of dispelling energy
             ... on level 2 of the Depths on June 11, 2017.
             The game lasted 05:53:50 (65641 turns).

johnnyzero the Prestidigitator (Gnoll Wanderer)    Turns: 65641, Time: 05:53:51

Health: 0/201      AC: 36    Str: 16    XL:     27
Magic:  28/33      EV: 17    Int: 28    God:    the Shining One [*]
Gold:   3307       SH: 11    Dex: 21    Spells: 6/46 levels left

rFire    + + .     SeeInvis .   a - +9 eudemon blade (holy)
rCold    + + .     Gourm    .   m - +3 buckler {rF+}
rNeg     + + +     Faith    .   e - +10 pearl dragon scales
rPois    +         Spirit   .   X - +2 helmet
rElec    +         Reflect  .   y - +2 cloak of Xom's Esteem {Slay+3}
rCorr    .         Harm     .   o - +1 pair of gloves "Tyodgh Yseurr" {rPois Str+2 Slay+4}
MR       ++...     Clarity  +   l - +3 pair of boots of Fashionability {MR- Int+4 Dex+3}
Stlth    ++........             r - amulet of regeneration
Regen    0.9/turn               Z - ring of Xitwaor {rF+ rC+ Stlth+}
MPRegen  0.3/turn               T - ring of Dishonour {rElec rN+ Int+4 Dex+4}

@: no status effects
A: short attention span, fangs 1, blurry vision 1, clarity, cold resistance 1,
deformed body, low mp 1, magic resistance 2, screaming 2, shaggy fur 1, weak 1,
MP-powered wands, strong nose
0: Orb of Zot
}: 3/15 runes: decaying, serpentine, silver
a: Renounce Religion


You were on level 2 of the Depths.
You worshipped the Shining One.
The Shining One was demanding penance.
You were not hungry.

You visited 11 branches of the dungeon, and saw 53 of its levels.
You visited 1 bazaar.
You also visited: Labyrinth, Trove, Ossuary and Wizlab.

You collected 8675 gold pieces.
You spent 5368 gold pieces at shops.

Dungeon Overview and Level Annotations

Branches:
Dungeon (15/15)            Temple (1/1) D:4            Lair (6/6) D:8
  Swamp (4/4) Lair:2        Snake (4/4) Lair:3        Slime (0/5) Lair:6
    Orc (2/2) D:10            Elf (3/3) Orc:2        Vaults (5/5) D:13
  Crypt (3/3) Vaults:3       Tomb (0/3) Crypt:3      Depths (5/5) D:15
    Zot (5/5) Depths:5

Altars:
Ashenzari
Cheibriados
Dithmenos
Elyvilon
Fedhas
Gozag
Hepliaklqana
Kikubaaqudgha
Makhleb
Nemelex Xobeh
Okawaru
Qazlal
Ru
Sif Muna
Trog
Uskayaw
Vehumet
Wu Jian
Xom
Yredelemnul
Zin
The Shining One
Beogh
Lugonu

Shops:
D:6 :   Orc:2 =(*[   Elf:1 ?*(*(   Vaults:1 *   Vaults:3 (   Vaults:4 *
Vaults:5 *   Depths:1 (   Depths:2 %   Depths:4 (

Portals:
Hell: Depths:1 Depths:2 Depths:3 Depths:4 Depths:5
Abyss: Depths:1 Depths:3 Depths:4
Pandemonium: Depths:3
Ziggurat: Depths:2

Annotations:
D:6 exclusions: electric eel and 8 more exclusions
Lair:2 8-head hydra somewhere, exclusions: electric eel and 1 more exclusion
Elf:1 exclusion: Roxanne, Roxanne


Innate Abilities, Weirdness & Mutations

You have a short attention span.
You have very sharp teeth.
Your uncanny sense of smell can sniff out nearby items.
Scrolls take you a little longer to read.
You possess an exceptional clarity of mind.
Your flesh is cold resistant. (rC+)
Armour fits poorly on your strangely shaped body.
Your magical capacity is low. (-10% MP)
You are highly resistant to hostile enchantments. (MR++)
You sometimes yell uncontrollably at your foes.
You are covered in fur. (AC +1)
You are weak. (Str -2)
You expend magic power (3 MP) to strengthen your wands.


   Skills:
 - Level 13.5 Fighting
   Level 8.0(10.6) Short Blades
 - Level 11.8(12.0) Long Blades
   Level 1.7 Polearms
 - Level 9.4 Throwing
 - Level 12.8 Armour
 - Level 11.1 Dodging
 - Level 8.0 Stealth
 - Level 12.2 Shields
 - Level 10.0 Spellcasting
 - Level 10.0 Hexes
 - Level 3.5 Charms
 - Level 10.0 Summonings
   Level 4.8 Necromancy
 - Level 9.6 Translocations
 - Level 9.0 Transmutations
 - Level 10.0 Air Magic
 - Level 9.0 Earth Magic
 - Level 11.5 Invocations
 + Level 13.9 Evocations


You had 6 spell levels left.
You knew the following spells:

 Your Spells              Type           Power        Failure   Level  Hunger
c - Passwall              Tmut/Erth      ######....   1%          2    None
d - Call Canine Familiar  Summ           ######..     1%          3    None
e - Summon Lightning Spi  Summ/Air       ######..     1%          4    None
g - Summon Mana Viper     Hex/Summ       ######..     6%          5    ###....
h - Ensorcelled Hibernat  Hex/Ice        #####.       2%          2    None
j - Aura of Abjuration    Summ           ######....   6%          5    ###....
s - Shroud of Golubria    Chrm/Tloc      ######....   1%          2    None
u - Summon Butterflies    Summ           ######..     1%          1    None
A - Apportation           Tloc           ######       1%          1    None
B - Blink                 Tloc           N/A          1%          2    None
G - Summon Guardian Gole  Hex/Summ       ######..     1%          3    None
I - Silence               Hex/Air        ######....   6%          5    ###....
R - Recall                Summ/Tloc      N/A          1%          3    None
Z - Swiftness             Chrm/Air       ######..     1%          2    None

Inventory:

Hand Weapons
 a - a +9 eudemon blade of holy wrath (weapon)
 g - a +9 blowgun
Missiles
 G - 16 curare-tipped needles
Armour
 e - +10 pearl dragon scales (worn)
 l - the +3 pair of boots of Fashionability (worn) {MR- Int+4 Dex+3}
   (You found it on level 4 of the Depths)

   It affects your intelligence (+4).
   It affects your dexterity (+3).
   It affects your resistance to hostile enchantments.
 m - a +3 buckler of fire resistance (worn)
 o - the +1 pair of gloves "Tyodgh Yseurr" (worn) {rPois Str+2 Slay+4}
   (You bought it in a shop on level 2 of the Orcish Mines)

   It affects your strength (+2).
   It affects your accuracy and damage with ranged weapons and melee attacks
   (+4).
   It protects you from poison.
 y - the +2 cloak of Xom's Esteem (worn) {Slay+3}
   (You found it in a wizard's laboratory)

   It affects your accuracy and damage with ranged weapons and melee attacks
   (+3).
 X - a +2 helmet (worn)
Jewellery
 r - an amulet of regeneration (around neck)
 T - the ring of Dishonour (right hand) {rElec rN+ Int+4 Dex+4}
   (You found it on level 3 of the Crypt)

   [ring of positive energy]

   It affects your intelligence (+4).
   It affects your dexterity (+4).
   It insulates you from electricity.
   It protects you from negative energy.
 Z - the ring of Xitwaor (left hand) {rF+ rC+ Stlth+}
   (You took it off a deep elf demonologist on level 3 of the Elven Halls)

   [ring of protection from cold]

   It protects you from fire.
   It protects you from cold.
   It makes you more stealthy.
Wands
 b - a wand of iceblast (7/15)
 p - a wand of acid (3/15)
 u - a wand of disintegration (9/24)
 F - a wand of scattershot (2/9)
 J - a wand of iceblast (5/15)
 N - a wand of paralysis (15/24)
 O - a wand of digging (9/24)
 U - a wand of acid (6/15)
Scrolls
 i - 22 scrolls of teleportation
 n - 15 scrolls of immolation
 q - 18 scrolls of remove curse
 w - 8 scrolls of recharging
 A - 4 scrolls of blinking
 C - 2 scrolls of identify
 E - 8 scrolls of fear
 H - 2 scrolls of magic mapping
 L - 2 scrolls of silence {!r}
 R - 2 scrolls of enchant armour
 V - 2 scrolls of fog
Potions
 c - 22 potions of curing
 s - 11 potions of brilliance
 t - 5 potions of agility
 z - a potion of resistance
 M - 2 potions of might
 Q - 8 potions of flight
Miscellaneous
 h - a phial of floods
 v - a fan of gales
 B - a lamp of fire
 K - a lightning rod (4/4)
 P - a sack of spiders
Comestibles
 f - 26 bread rations


Message History

Confirm with . or Enter, or press ? or * to list all spells.
You blink.
Dioz Eran gestures at you. The freezing blast misses you.
Enter note: hmm Your magical effects are unravelling.
You feel magically purged.
You are engulfed in freezing vapours.
You resist.
* * * LOW HITPOINT WARNING * * *
You no longer feel sluggish.
You feel a little less mighty now.
Lypsaaz gestures.
Dioz Eran gestures at you. The freezing blast engulfs you! You resist.
* * * LOW HITPOINT WARNING * * *
The Tzitzimitl gestures at you.
The bolt of negative energy hits Dioz Eran.
Dioz Eran completely resists.
The bolt of negative energy hits you! You resist.
You are engulfed in freezing vapours.
You resist.
* * * LOW HITPOINT WARNING * * *
Dioz Eran gestures at you. The bolt of dispelling energy hits you!
You die...

·([<▒·····▒▒······▒)····(···▒·▒▒·
▒▒······▒▒·····▒··▒·8▒···········
········▒······▒▒▒▒▒▒▒···········
······▒········▒··▒··▒·······[(▒·
▒▒▒▒▒▒▒···▒▒▒·····▒·····▒▒▒······
▒▒▒▒▒······▒····#▒▒▒·····▒····[··
▒·······▒··▒··▒··####·▒··▒···[···
········▒▒▒▒▒▒▒·###&··▒▒▒▒▒▒·····
···▒▒▒··▒··▒··▒·g▒▒▒#·▒··▒·····▒▒
····▒···)··▒······▒······▒····(·▒
·▒··▒··▒··▒▒▒··▒··▒··▒1&▒▒▒··▒··▒
·▒▒▒▒▒▒▒·······▒▒▒▒▒▒▒···1··)▒▒▒▒
(···▒··▒··[···[▒··▒··▒·······▒··▒
····▒·····▒▒▒·····▒·····▒▒▒·····▒
··[·▒▒·····▒···(·▒▒▒·····▒·····▒▒
···[·(··▒··▒··▒··(····▒··▒··▒····
)··)·((·▒▒▒▒▒▒▒··((···▒▒▒▒▒▒▒·2#·


You could see Dioz Eran.

Action                   |  1- 3 |  4- 6 |  7- 9 | 10-12 | 13-15 | 16-18 | 19-21 | 22-24 | 25-27 || total
-------------------------+-------+-------+-------+-------+-------+-------+-------+-------+-------++-------
Melee: Dagger            |   130 |   168 |   588 |   674 |  1135 |  1274 |   452 |       |       ||  4421
       Bite              |     5 |    15 |    70 |    79 |   131 |   160 |   264 |   270 |   183 ||  1177
       Kick              |     8 |    15 |   127 |    53 |       |       |       |       |       ||   203
       Headbutt          |     3 |     6 |       |     2 |       |       |       |       |       ||    11
       Scimitar          |       |       |       |       |    67 |     2 |     5 |       |       ||    74
       Eudemon blade     |       |       |       |       |       |       |  1145 |  1444 |   931 ||  3520
 Fire: Blowgun           |       |    11 |    35 |    51 |     1 |       |       |       |       ||    98
Throw: Stone             |    13 |    12 |     3 |       |       |       |       |       |       ||    28
       Throwing net      |     3 |       |     1 |       |       |       |       |       |       ||     4
       Tomahawk          |       |    23 |     9 |    11 |     1 |     5 |     2 |       |       ||    51
 Cast: Beastly Appendage |    26 |    24 |    45 |    20 |       |       |       |       |       ||   115
       Sticks to Snakes  |       |     3 |    68 |    34 |     1 |       |       |       |       ||   106
       Summon Lightning  |       |       |       |    69 |   138 |   132 |    69 |   115 |    57 ||   580
       Summon Guardian G |       |       |       |    39 |   128 |   122 |    75 |    96 |    76 ||   536
       Call Canine Famil |       |       |       |     7 |    18 |     3 |     1 |     2 |     1 ||    32
       Summon Butterflie |       |       |       |     1 |       |     1 |       |     2 |       ||     4
       Recall            |       |       |       |       |       |     1 |     3 |     9 |     6 ||    19
       Apportation       |       |       |       |       |       |     1 |    33 |       |     7 ||    41
       Aura of Abjuratio |       |       |       |       |       |       |     2 |     3 |     4 ||     9
       Blink             |       |       |       |       |       |       |     5 |    14 |     7 ||    26
       Shroud of Golubri |       |       |       |       |       |       |     1 |     4 |     2 ||     7
       Swiftness         |       |       |       |       |       |       |       |       |     5 ||     5
       Summon Mana Viper |       |       |       |       |       |       |       |       |     1 ||     1
Invok: Cleansing Flame   |       |       |     1 |       |     2 |     8 |     6 |     2 |     3 ||    22
       Summon Divine War |       |       |       |     2 |     8 |    13 |    10 |    12 |    14 ||    59
       Divine Shield     |       |       |       |     4 |     5 |     6 |     2 |     3 |       ||    20
       Brand Weapon With |       |       |       |       |       |       |     1 |       |       ||     1
Evoke: Wand              |       |       |    12 |    12 |    24 |     6 |     4 |    11 |    26 ||    95
       Lamp of fire      |       |       |       |       |     1 |     2 |     1 |     6 |     4 ||    14
       Sack of spiders   |       |       |       |       |       |     2 |     1 |     5 |       ||     8
       Fan of gales      |       |       |       |       |       |     1 |       |       |     1 ||     2
       Phial of floods   |       |       |       |       |       |       |       |     5 |     3 ||     8
       Phantom mirror    |       |       |       |       |       |       |       |     2 |     1 ||     3
       Box of beasts     |       |       |       |       |       |       |       |     1 |       ||     1
  Use: Scroll            |       |     7 |    20 |     9 |    26 |     9 |    32 |    28 |    26 ||   157
       Potion            |       |       |     5 |       |     4 |       |     6 |     5 |    31 ||    51
 Stab: Sleeping          |     6 |     2 |       |       |       |       |       |       |       ||     8
       Held in net/web   |     2 |       |       |       |       |       |       |       |       ||     2
  Eat: Chunk             |     2 |     9 |    17 |    43 |    36 |    34 |    15 |     8 |       ||   164
       Fruit             |       |     2 |       |       |       |       |    20 |     9 |     4 ||    35
       Royal jelly       |       |       |     2 |       |     3 |     2 |     4 |     5 |       ||    16
       Meat ration       |       |       |       |       |     3 |     2 |     1 |     4 |     1 ||    11
       Bread ration      |       |       |       |       |       |       |       |       |     2 ||     2
Armor: Robe              |    41 |    15 |    28 |    55 |       |       |       |       |       ||   139
       Pearl dragon scal |       |       |       |    67 |   488 |   401 |   584 |   629 |   367 ||  2536
Dodge: Dodged            |   102 |    70 |   191 |   309 |   456 |   379 |   663 |   691 |   449 ||  3310
Block: Other             |     4 |    11 |     3 |       |       |       |       |       |       ||    18
       Reflection        |       |     1 |     3 |       |    11 |       |       |       |       ||    15
       Buckler           |       |       |   124 |   279 |   347 |   221 |   429 |   444 |   273 ||  2117
       Rpst.: Scimitar   |       |       |       |       |    11 |       |       |       |       ||    11
       Eudemon blade     |       |       |       |       |       |       |   112 |   110 |    80 ||   302

Vanquished Creatures
  5 orbs of fire (Zot:5)
  5 ancient liches
  Bai Suzhen (Depths:1)
  2 Killer Klowns (Zot:5)
  A caustic shrike (Depths:4)
  6 golden dragons
  the Enchantress (Depths:1)
  2 electric golems
  6 liches
  7 tentacled monstrosities
  A Brimstone Fiend (Snake:4)
  A Hell Sentinel (Depths:4)
  13 Orb Guardians (Zot:5)
  The ghost of hollowman the Tortoise, an adept GrFi of Okawaru (Elf:3)
  An Ice Fiend (Zot:4)
  3 titans
  A deep elf master archer (Elf:3)
  A quicksilver dragon (Vaults:5)
  An eldritch tentacle (WizLab)
  A deep elf blademaster (Elf:3)
  2 ancient champions (Crypt:2)
  A tentacled starspawn (WizLab)
  4 sphinxes
  Frances (Elf:1)
  8 storm dragons
  A shadow dragon (Vaults:5)
  6 nagarajas
  12 tengu reavers
  5 fire giants
  A draconian monk (Zot:5)
  Louise (Snake:2)
  8 frost giants
  6 deep elf sorcerers
  A ghost moth (Zot:4)
  3 iron dragons
  3 draconian scorchers
  An orc warlord (Depths:5)
  A draconian knight (Depths:5)
  A cacodemon (Depths:2)
  10 vault wardens
  A draconian stormcaller (Zot:1)
  4 deep elf elementalists
  4 ghouls (Crypt:2)
  4 spriggan defenders
  A draconian annihilator (Depths:5)
  7 ironheart preservers
  25 very ugly things
  17 stone giants
  A war gargoyle (Vaults:5)
  An entropy weaver (Vaults:3)
  A green draconian (Zot:2)
  4 deep elf demonologists
  3 deep elf annihilators
  3 vampire knights
  2 purple draconians
  A white draconian (Zot:5)
  3 black draconians (Zot:5)
  A yellow draconian (Zot:5)
  2 eidola (Vaults:3)
  5 spark wasps
  A mummy priest (Crypt:2)
  4 deep elf death magi
  2 blizzard demons
  5 ettins
  14 fire dragons
  A crystal guardian (Depths:3)
  3 jiangshi
  A merfolk impaler (Depths:4)
  16 yaktaur captains
  3 deep elf high priests
  9 great orbs of eyes
  6 rakshasas
  2 spriggan air magi
  A hell beast (Zot:4)
  A catoblepas (Lair:6)
  7 ice dragons
  4 centaur warriors
  9 hydras
  20 two-headed ogres
  14 naga warriors
  3 ghost crabs
  13 anacondas
  17 vault guards
  28 dancing weapons
  A death yak (Lair:6)
  6 tengu warriors
  9 deep troll shamans
  2 orc high priests (Depths:5)
  6 vampire magi
  6 alligators
  5 deep troll earth magi
  2 large abominations
  7 ogre magi
  A shock serpent (shapeshifter) (Vaults:5)
  Urug (D:14)
  6 shock serpents
  8 naga sharpshooters
  3 spriggan berserkers
  Sonja (D:14)
  13 deep elf knights
  An iron troll (Depths:4)
  A sixfirhy (WizLab)
  2 hell knights
  A salamander mystic (Snake:4)
  8 skeletal warriors
  2 shadow wraiths
  4 unseen horrors
  5 glowing orange brains
  A golden dragon zombie (Depths:2)
  24 deep trolls
  A ghost moth zombie (Crypt:3)
  An obsidian statue (WizLab)
  8 naga ritualists (Snake:4)
  8 swamp dragons
  12 deep elf archers
  20 ironbrand convokers
  2 lindwurms (Swamp:4)
  7 orc knights
  3 flayed ghosts
  3 harpies (Vaults:1)
  An anaconda skeleton (Crypt:1)
  5 phantasmal warriors
  2 wizards
  5 necromancers
  3 wolf spiders (Vaults:1)
  14 mana vipers
  A cyclops (shapeshifter) (Depths:4)
  A salamander (shapeshifter) (Elf:2)
  2 wolf spider zombies (D:15)
  43 deep elf magi
  3 cyclopes
  4 salamanders
  2 worldbinders (WizLab)
  19 ugly things
  5 orc sorcerers
  2 fire giant skeletons
  7 moths of wrath
  5 elephants
  24 black mambas
  3 vault sentinels
  15 guardian serpents
  A smoke demon (WizLab)
  11 naga magi
  3 orange demons (WizLab)
  2 spiny frogs (shapeshifter)
  5 gargoyles
  5 spiny frogs
  A hellion (Depths:5)
  A kobold demonologist (D:13)
  A dire elephant skeleton (Crypt:3)
  32 yaktaurs
  2 komodo dragons
  6 freezing wraiths
  A komodo dragon (shapeshifter) (Vaults:5)
  3 tengu conjurers
  2 trolls
  An ancient zyme (WizLab)
  A demonic crawler (WizLab)
  A hellwing (WizLab)
  A red devil (WizLab)
  A wind drake (WizLab)
  3 wyverns
  A jumping spider (Vaults:3)
  3 polar bears
  12 hornets
  A polar bear (shapeshifter) (Vaults:2)
  4 tyrant leeches
  Prince Ribbit (Lair:1)
  A wind drake (shapeshifter) (D:13)
  11 blink frogs
  A tyrant leech (shapeshifter) (Depths:5)
  9 slime creatures
  2 raiju (WizLab)
  A hippogriff (shapeshifter) (Elf:1)
  6 hippogriffs
  4 bog bodies
  11 air elementals
  A shadow (Swamp:2)
  A tarantella (shapeshifter) (Elf:1)
  4 flying skulls (Crypt:3)
  11 water elementals
  6 wraiths
  7 spriggans
  A tarantella (Vaults:3)
  An elf zombie (Vaults:5)
  20 yaks
  A yak (shapeshifter) (Vaults:2)
  3 fire elementals (Elf:1)
  A golden eye (shapeshifter) (Elf:1)
  A neqoxec (Zot:4)
  2 chaos spawn
  An elf skeleton (Depths:2)
  A steam dragon (shapeshifter) (Vaults:2)
  3 spatial vortices (WizLab)
  16 vampire mosquitoes
  2 wargs
  18 insubstantial wisps
  35 nagas
  2 acid dragons (Vaults:1)
  13 swamp worms
  2 hell hounds (WizLab)
  A floating eye (shapeshifter) (D:15)
  5 water moccasins
  2 torturous demonspawn skeletons (Crypt:2)
  7 porcupines
  5 sky beasts
  25 orc warriors
  5 ice beasts
  2 eyes of draining
  2 phantoms
  A black bear (shapeshifter) (Vaults:3)
  A black bear (D:11)
  12 swamp drakes
  3 necrophages (Crypt:1)
  25 boggarts
  16 ogres
  14 wolves
  2 centaurs
  A snapping turtle skeleton (Crypt:1)
  A big kobold (D:10)
  6 crocodiles
  5 earth elementals
  7 bullfrogs
  A gnoll sergeant (D:6)
  A yaktaur skeleton (Crypt:1)
  2 small abominations
  4 scorpions
  3 water moccasin zombies (Ossuary)
  4 killer bees (D:12)
  6 wights
  An electric eel (Lair:5)
  5 centaur zombies
  5 crimson imps
  2 bullfrog zombies
  A quasit (D:10)
  2 jellies
  3 human zombies
  3 orc priests
  3 hounds
  16 orc wizards
  4 iguanas
  A black bear skeleton (Crypt:1)
  4 bullfrog skeletons
  A demonspawn skeleton (Crypt:2)
  3 worker ants
  3 big kobold zombies (Ossuary)
  A felid zombie (Crypt:2)
  2 hound zombies
  3 mummies
  3 hound skeletons
  A worker ant zombie (D:7)
  12 gnolls
  14 adders
  A howler monkey skeleton (D:5)
  5 shadow imps
  An ufetubus (Zot:4)
  6 adder zombies
  An adder skeleton (D:5)
  3 worms
  4 dart slugs
  7 leopard geckos
  48 orcs
  14 bats
  4 giant cockroaches
  3 gnoll zombies (Ossuary)
  7 goblins
  7 hobgoblins
  3 jackals (D:3)
  3 quokkas
  4 ball pythons
  7 frilled lizards
  2 hobgoblin zombies (Ossuary)
  16 kobolds
  11 kobold zombies (Ossuary)
  9 orc zombies (Ossuary)
  6 rats
  A crawling corpse (Elf:3)
  A fungus (Lair:2)
  A plant (D:15)
  A starspawn tentacle (WizLab)
1510 creatures vanquished.

Vanquished Creatures (collateral kills)
  4 juggernauts
  An ancient lich (Depths:3)
  Boris (Depths:5)
  A caustic shrike (Depths:2)
  Saint Roka (Vaults:5)
  A curse toe (Zot:5)
  A golden dragon (Zot:5)
  Jory (Vaults:4)
  A bone dragon (Crypt:3)
  Nikola (Swamp:2)
  An electric golem (Zot:5)
  Jorgrun (Crypt:2)
  4 liches
  A pandemonium lord (Zot:5)
  Rupert (D:12)
  2 tentacled monstrosities
  7 Orb Guardians (Zot:5)
  A shard shrike skeleton (Crypt:1)
  A titan (Vaults:5)
  A deep elf blademaster (Elf:3)
  2 quicksilver dragons
  2 ancient champions (Crypt:1)
  5 sphinxes
  2 thorn hunters (Swamp:4)
  2 tengu reavers
  2 storm dragons (Vaults:5)
  5 shadow dragons
  2 draconian monks (Zot:5)
  2 nagarajas (Snake:4)
  4 frost giants
  2 draconian knights
  4 fire giants
  3 ghost moths (Zot:5)
  9 deep elf sorcerers
  7 vault wardens
  A draconian scorcher (Zot:5)
  5 deep elf elementalists
  An orc warlord (Orc:2)
  3 iron dragons
  A draconian stormcaller (Zot:5)
  3 ironheart preservers
  3 ghouls
  2 spriggan defenders
  6 stone giants
  7 war gargoyles
  A reaper (Crypt:3)
  6 very ugly things
  5 vampire knights
  A green draconian (Zot:2)
  4 deep elf annihilators
  4 spark wasps
  4 deep elf demonologists
  A yellow draconian (Zot:1)
  A red draconian (Zot:5)
  2 eidola (Crypt:1)
  4 crystal guardians
  A merfolk javelineer (Depths:1)
  5 deep elf death magi
  2 fire dragons (Depths:2)
  7 ettins
  An ettin (shapeshifter) (Vaults:5)
  A minotaur (Lab)
  11 yaktaur captains
  7 jiangshi
  Fannar (D:12)
  The ghost of Maruxus the Cleaver, a journeyman MiBe of Trog (Orc:2)
  3 deep elf high priests
  A quicksilver dragon zombie (Crypt:3)
  A great orb of eyes (Vaults:2)
  3 centaur warriors
  6 hydras
  2 ice dragons
  14 vault guards
  3 rakshasas
  2 spriggan air magi
  9 ogre magi
  2 anacondas (Snake:4)
  2 ghost crabs
  23 two-headed ogres
  6 death knights
  2 deep troll earth magi (Depths:2)
  2 tengu warriors
  3 deep troll shamans
  6 alligators
  2 death yaks (Lair:6)
  9 dancing weapons
  The ghost of pokeman the Thaumaturge, a journeyman DEWz of Vehumet (D:10)
  5 vampire magi
  5 spriggan berserkers
  10 deep elf knights
  3 orc high priests
  3 soul eaters
  6 spriggans
  2 titan skeletons
  A golden dragon zombie (Crypt:3)
  The ghost of brahma the Cleaver, a novice MiFi of Okawaru (D:8)
  25 skeletal warriors
  6 hell knights (Crypt:3)
  2 iron trolls
  A shadow wraith (Crypt:2)
  An unseen horror (Lab)
  11 deep trolls
  A sea snake (shapeshifter) (Depths:2)
  4 flayed ghosts
  An anaconda skeleton (Crypt:3)
  6 wizards
  A naga ritualist (Snake:4)
  8 ironbrand convokers
  A spriggan druid (Swamp:4)
  A golden dragon skeleton (Crypt:2)
  2 shambling mangroves (Swamp:3)
  5 swamp dragons (Swamp:4)
  2 harpies (Vaults:1)
  11 deep elf archers
  2 lindwurms
  5 phantasmal warriors
  18 deep elf magi
  3 human zombies
  3 wolf spiders
  11 orc knights
  29 ugly things
  An orb spider (shapeshifter) (Vaults:5)
  8 orc sorcerers
  6 necromancers
  A manticore (D:14)
  3 cyclopes
  A fire giant zombie (Crypt:3)
  3 oklob plants (Lair:6)
  A stone giant zombie (Crypt:3)
  2 moths of wrath (Zot:5)
  A salamander (Snake:4)
  A salamander (shapeshifter) (Depths:5)
  7 elephants
  2 frost giant skeletons
  A stone giant skeleton (Vaults:4)
  An elephant (shapeshifter) (Depths:4)
  3 black mambas
  3 naga magi
  12 vault sentinels
  A fire giant skeleton (Crypt:3)
  A guardian serpent (Snake:4)
  6 spiny frogs
  3 rime drakes
  2 kobold demonologists (Crypt:2)
  22 yaktaurs
  3 komodo dragons
  5 freezing wraiths
  2 efreet
  A yaktaur (shapeshifter) (Vaults:2)
  A hydra zombie (Crypt:3)
  A red devil (Zot:5)
  An entropy weaver simulacrum (Vaults:2)
  9 trolls
  A wind drake (shapeshifter) (Vaults:5)
  A grey draconian skeleton (Crypt:2)
  2 polar bears
  11 hornets
  4 blink frogs
  A tyrant leech (Swamp:3)
  2 bog bodies
  2 hippogriffs
  2 human simulacra
  37 flying skulls
  A frost giant simulacrum (Vaults:4)
  17 dream sheep (Lair:6)
  A hippogriff (shapeshifter) (Vaults:3)
  An ettin skeleton (Crypt:3)
  An ice dragon skeleton (Crypt:3)
  A water elemental (Depths:1)
  2 basilisks
  2 vampires
  4 wyverns
  6 wraiths
  16 yaks
  A hungry ghost (D:15)
  7 vampire mosquitoes
  A hog (D:10)
  3 steam dragons
  An insubstantial wisp (Swamp:4)
  5 wargs
  3 swamp worms
  8 nagas
  An acid dragon (shapeshifter) (Depths:2)
  An acid dragon (D:14)
  A water moccasin (Lair:4)
  A hydra simulacrum (Crypt:3)
  A porcupine (shapeshifter) (Depths:2)
  32 orc warriors
  A spiny frog skeleton (Crypt:1)
  8 porcupines
  10 swamp drakes
  A black bear (shapeshifter) (Vaults:4)
  An ice beast (D:5)
  3 black bears
  2 eyes of draining (shapeshifter)
  A phantom (D:11)
  20 ogres
  3 necrophages
  25 wolves
  5 centaurs
  A snapping turtle skeleton (Crypt:3)
  8 crocodiles
  Blork the orc (Orc:2)
  A wyvern zombie (D:13)
  3 scorpions
  A water moccasin skeleton (Crypt:1)
  5 killer bees (D:12)
  7 wights
  2 electric eels
  A troll skeleton (Crypt:1)
  A crimson imp (D:12)
  A jelly (D:10)
  3 centaur skeletons
  2 hounds
  An iguana (D:14)
  14 orc priests
  15 orc wizards
  2 bullfrog skeletons
  A centaur zombie (D:12)
  A human skeleton (Crypt:3)
  A killer bee zombie (Crypt:1)
  A big kobold zombie (Ossuary)
  A demigod zombie (Crypt:2)
  A deep dwarf skeleton (Crypt:1)
  A hound skeleton (Crypt:2)
  A mummy (Crypt:1)
  A worker ant zombie (D:11)
  3 gnolls
  A shadow imp (D:5)
  An ooze (shapeshifter) (Vaults:5)
  A barachi skeleton (Crypt:1)
  41 orcs
  A kobold (D:13)
  A hobgoblin zombie (Ossuary)
  A kobold zombie (Ossuary)
  A quokka zombie (D:6)
  2 crawling corpses (Elf:3)
  4 fungi
  A starspawn tentacle (WizLab)
998 creatures vanquished.

Vanquished Creatures (others)
  Sojobo (Depths:5)
  An Orb Guardian (Zot:5)
  A sphinx (Vaults:5)
  An eldritch tentacle (Depths:2)
  A tengu reaver (Vaults:5)
  A storm dragon (Zot:5)
  A vault warden (Vaults:3)
  A fire giant (Vaults:5)
  3 very ugly things (Vaults:2)
  2 ironheart preservers
  4 stone giants
  An ettin (Depths:2)
  4 vault guards
  A yaktaur captain (Depths:5)
  An ice dragon (Depths:3)
  3 hydras
  A centaur warrior (D:14)
  3 two-headed ogres (Vaults:4)
  2 tengu warriors (Depths:2)
  A titan skeleton (Depths:2)
  2 deep trolls
  A skeletal warrior (Crypt:3)
  An orc knight (Vaults:4)
  A shadow dragon skeleton (Depths:2)
  A mana viper (Snake:4)
  An ugly thing (Vaults:2)
  A cyclops (D:15)
  An elephant (shapeshifter) (Depths:1)
  An elephant (Lair:6)
  A spiny frog (Lair:1)
  2 yaktaurs
  A dream sheep (Lair:6)
  A blink frog (Lair:1)
  An air elemental (Elf:2)
  2 spriggans
  A yak (D:8)
  A naga (Lair:3)
  5 orc warriors
  3 ogres
  6 wolves
  A boggart (Depths:4)
  A centaur (Vaults:2)
  A glowing shapeshifter simulacrum (Depths:2)
  2 jellies
  A quasit (Depths:3)
  A bullfrog zombie (D:12)
  An orc (Vaults:5)
  A bush (Lair:6)
  9 fungi
  24 plants
110 creatures vanquished.

Grand Total: 2618 creatures vanquished

Notes
Turn   | Place    | Note
-------+----------+-------------------------------------------
     0 | D:1      | johnnyzero the Gnoll Wanderer began the quest for the Orb.
     0 | D:1      | johnnyzero set off with: a book of Changes, Napeucuf's Collected Works on Fire, a potion of curing, a +0 robe, a +0 dagger, a bread ration
     0 | D:1      | Reached XP level 1. HP: 13/13 MP: 1/1
     0 | D:1      | Identified Napeucuf's Collected Works on Fire
   102 | D:1      | Reached skill level 1 in Spellcasting
   111 | D:1      | Learned a level 1 spell: Beastly Appendage
   177 | D:1      | Reached skill level 2 in Spellcasting
   208 | D:1      | Reached XP level 2. HP: 19/19 MP: 3/5
   249 | D:1      | Reached skill level 3 in Spellcasting
   310 | D:1      | Learned a level 2 spell: Sticks to Snakes
   853 | D:1      | Reached skill level 4 in Spellcasting
  1082 | D:1      | Reached XP level 3. HP: 23/24 MP: 6/8
  1083 | D:1      | oops
  1480 | D:2      | Found a sparkling altar of Nemelex Xobeh.
  1520 | D:2      | Reached skill level 1 in Short Blades
  1601 | D:2      | Reached skill level 2 in Short Blades
  1712 | D:2      | Reached skill level 3 in Short Blades
  1715 | D:2      | Reached XP level 4. HP: 17/30 MP: 10/10
  1903 | D:2      | Reached skill level 2 in Dodging
  2297 | D:2      | Reached skill level 4 in Short Blades
  2370 | D:2      | Reached skill level 1 in Fighting
  2432 | D:3      | Reached XP level 5. HP: 37/37 MP: 11/11
  2900 | D:3      | Reached skill level 5 in Short Blades
  2900 | D:3      | Reached skill level 3 in Dodging
  3007 | D:3      | Reached skill level 2 in Fighting
  3454 | D:3      | Reached XP level 6. HP: 46/46 MP: 12/12
  3480 | D:3      | Reached skill level 6 in Short Blades
  3480 | D:3      | Reached skill level 4 in Dodging
  4006 | D:4      | Reached skill level 3 in Fighting
  4180 | D:4      | Found a staircase to the Ecumenical Temple.
  4201 | Temple   | Entered the Ecumenical Temple
  4286 | Temple   | Became a worshipper of the Shining One
  4696 | D:5      | Entered Level 5 of the Dungeon
  5046 | D:5      | Noticed a sky beast
  5087 | D:5      | Killed a sky beast
  5087 | D:5      | Reached skill level 4 in Fighting
  5087 | D:5      | Reached skill level 7 in Short Blades
  5087 | D:5      | Reached XP level 7. HP: 37/54 MP: 13/13
  5091 | D:5      | Gained mutation: You have a pair of small antennae on your head. [mutagenic meat]
  5092 | D:5      | Gained mutation: Your mind is acute. (Int +2) [mutagenic meat]
  5163 | D:4      | Reached skill level 5 in Dodging
  5497 | D:5      | Reached skill level 5 in Fighting
  5497 | D:5      | Reached skill level 6 in Dodging
  5612 | D:5      | Found a stormy altar of Qazlal.
  5613 | D:5      | Noticed a water elemental
  5614 | D:5      | Noticed an air elemental
  5615 | D:5      | Noticed a fire elemental
  5958 | D:5      | Lost mutation: You have a pair of small antennae on your head. [potion of mutation]
  5958 | D:5      | Gained mutation: Your spells are a little easier to cast, but a little less powerful. [potion of mutation]
  5958 | D:5      | Gained mutation: You have a pair of small antennae on your head. [potion of mutation]
  5958 | D:5      | Gained mutation: You have sharp fingernails. [potion of mutation]
  5959 | D:5      | Lost mutation: Your mind is acute. (Int +2) [potion of mutation]
  5959 | D:5      | Lost mutation: Your spells are a little easier to cast, but a little less powerful. [potion of mutation]
  5959 | D:5      | Lost mutation: You have sharp fingernails. [potion of mutation]
  5959 | D:5      | Lost mutation: You have a pair of small antennae on your head. [potion of mutation]
  5959 | D:5      | Gained mutation: You are resistant to hostile enchantments. (MR+) [potion of mutation]
  5959 | D:5      | Gained mutation: You have a pair of small antennae on your head. [potion of mutation]
  6036 | D:6      | Found Beazann's Book Shoppe.
  6391 | D:6      | Reached skill level 8 in Short Blades
  6424 | D:6      | Reached * piety under the Shining One
  6782 | D:6      | Reached skill level 2 in Shields
  6782 | D:6      | Reached XP level 8. HP: 52/62 MP: 5/14
  6880 | D:6      | Reached skill level 3 in Shields
  6892 | D:6      | Reached skill level 4 in Shields
  7410 | D:6      | Reached skill level 5 in Shields
  7593 | D:6      | Reached skill level 6 in Fighting
  7664 | D:6      | Reached skill level 7 in Dodging
  7746 | D:7      | HARK
  7822 | D:7      | Found a sand-covered staircase.
  7827 | D:7      | Learned a level 1 spell: Apportation
  7829 | D:7      | Learned a level 1 spell: Summon Small Mammal
  7835 | Ossuary  | Entered an ossuary
  7879 | Ossuary  | Reached ** piety under the Shining One
  7952 | Ossuary  | Reached skill level 7 in Fighting
  8013 | Ossuary  | Reached *** piety under the Shining One
  8238 | D:7      | Reached **** piety under the Shining One
  8406 | D:7      | Reached skill level 8 in Dodging
  8406 | D:7      | Reached XP level 9. HP: 74/74 MP: 15/15
  8505 | D:7      | Reached skill level 8 in Fighting
  8547 | D:7      | Reached skill level 2 in Stealth
  8547 | D:7      | Reached skill level 2 in Invocations
  8605 | D:7      | Reached skill level 3 in Stealth
  8605 | D:7      | Reached skill level 3 in Invocations
  8621 | D:7      | Reached skill level 4 in Stealth
  8815 | D:7      | Reached skill level 4 in Invocations
  8985 | D:8      | Noticed brahma's ghost (novice MiFi)
  9294 | D:8      | Reached skill level 5 in Stealth
  9327 | D:8      | Reached skill level 5 in Invocations
  9424 | D:8      | You fall through a shaft for 3 floors!
  9425 | D:11     | oh boy
  9434 | D:11     | Noticed a gargoyle
  9468 | D:11     | Noticed a red ugly thing
  9507 | D:11     | Reached skill level 6 in Stealth
  9554 | D:11     | Reached skill level 6 in Invocations
  9777 | D:11     | Reached skill level 7 in Stealth
  9815 | D:10     | Entered Level 10 of the Dungeon
  9844 | D:10     | Reached skill level 7 in Invocations
  9928 | D:10     | Reached skill level 8 in Invocations
  9962 | D:10     | Reached skill level 1 in Evocations
  9996 | D:10     | Noticed Maurice
 10012 | D:10     | Noticed Maurice
 10012 | D:10     | Maurice changed into Maurice the hog
 10021 | D:10     | Killed Maurice the hog
 10021 | D:10     | Reached skill level 3 in Evocations
 10021 | D:10     | Reached XP level 10. HP: 65/80 MP: 11/16
 10182 | D:9      | Found a deep blue altar of Sif Muna.
 10230 | D:9      | Reached skill level 4 in Evocations
 10239 | D:9      | Reached skill level 5 in Evocations
 10257 | D:9      | Reached skill level 6 in Evocations
 10575 | D:8      | Reached ***** piety under the Shining One
 10599 | D:8      | Reached skill level 7 in Evocations
 10653 | D:8      | Reached skill level 8 in Evocations
 10761 | D:8      | Killed brahma's ghost
 10768 | D:8      | Found a staircase to the Lair.
 10802 | D:8      | Identified Sif Muna's Papyrus of Sinister Rituals and the Blaze
 10878 | D:8      | Reached skill level 8 in Stealth
 11034 | D:8      | Reached skill level 5 in Spellcasting
 11139 | D:8      | Reached skill level 6 in Spellcasting
 11221 | D:8      | Noticed a green ugly thing
 11262 | D:8      | Reached skill level 7 in Spellcasting
 11290 | D:8      | Killed a green ugly thing
 11482 | D:8      | Gained mutation: Your flesh is cold resistant. (rC+) [mutagenic meat]
 11483 | D:8      | Gained mutation: You possess an exceptional clarity of mind. [mutagenic meat]
 11484 | D:8      | Gained mutation: You occasionally shout uncontrollably at your foes. [mutagenic meat]
 11555 | D:8      | Noticed a two-headed ogre
 11594 | D:8      | Killed a two-headed ogre
 11594 | D:8      | Reached skill level 8 in Spellcasting
 11594 | D:8      | Reached XP level 11. HP: 86/86 MP: 23/23
 11938 | D:7      | Reached skill level 2 in Summonings
 12007 | D:6      | Bought a book of Callings for 420 gold pieces
 12012 | D:6      | Learned a level 4 spell: Summon Lightning Spire
 12016 | D:6      | Learned a level 3 spell: Summon Guardian Golem
 12020 | D:6      | Learned a level 3 spell: Call Canine Familiar
 12107 | D:9      | Noticed Psyche
 12111 | D:9      | Noticed Psyche
 12111 | D:9      | Psyche changed into Psyche the steam dragon
 12142 | D:9      | Killed Psyche the steam dragon
 12227 | D:9      | Reached skill level 1 in Air Magic
 12244 | D:9      | Reached skill level 1 in Hexes
 12344 | D:9      | Reached skill level 3 in Summonings
 12412 | D:9      | Reached skill level 2 in Hexes
 12412 | D:9      | Reached skill level 2 in Air Magic
 12418 | D:9      | Lost mutation: You have a pair of small antennae on your head. [mutagenic meat]
 12419 | D:9      | Gained mutation: You are highly resistant to hostile enchantments. (MR++) [mutagenic meat]
 12420 | D:9      | Lost mutation: You possess an exceptional clarity of mind. [mutagenic meat]
 12421 | D:9      | Gained mutation: You possess an exceptional clarity of mind. [mutagenic meat]
 12423 | D:9      | nah that's good
 12562 | D:9      | Noticed a two-headed ogre
 12584 | D:9      | Killed a two-headed ogre
 12584 | D:9      | Reached skill level 4 in Summonings
 12584 | D:9      | Reached skill level 3 in Air Magic
 12599 | D:9      | Noticed a two-headed ogre
 12599 | D:9      | Reached skill level 3 in Hexes
 12613 | D:9      | Killed a two-headed ogre
 12758 | D:9      | Reached skill level 4 in Hexes
 12758 | D:9      | Reached skill level 4 in Air Magic
 12909 | D:10     | Noticed pokeman's ghost (journeyman DEWz)
 12915 | D:10     | Killed pokeman's ghost
 12915 | D:10     | Reached skill level 5 in Summonings
 12943 | D:10     | Found a staircase to the Orcish Mines.
 13266 | D:10     | Learned a level 1 spell: Summon Butterflies
 13347 | Lair:1   | Entered Level 1 of the Lair of Beasts
 13369 | Lair:1   | Reached skill level 6 in Summonings
 13369 | Lair:1   | Reached skill level 5 in Air Magic
 13372 | Lair:1   | Reached skill level 5 in Hexes
 13439 | Lair:1   | Reached skill level 6 in Hexes
 13736 | Lair:1   | Noticed a four-headed hydra
 13747 | Lair:1   | Killed a four-headed hydra
 13747 | Lair:1   | Reached skill level 6 in Air Magic
 13782 | Lair:1   | Reached skill level 7 in Summonings
 13961 | Lair:1   | Noticed Prince Ribbit
 13993 | Lair:1   | Killed Prince Ribbit
 14491 | Lair:2   | Found a staircase to the Swamp.
 14500 | Lair:2   | what
 14532 | Lair:2   | Reached skill level 1 in Armour
 14533 | Lair:2   | Reached skill level 2 in Armour
 14545 | Lair:2   | Reached skill level 3 in Armour
 14680 | Lair:2   | pearl dragon scales and a double sword
 14680 | Lair:2   | okay
 14695 | Lair:2   | Reached skill level 4 in Armour
 14794 | Lair:2   | Reached skill level 5 in Armour
 14980 | Lair:2   | Reached skill level 6 in Armour
 14980 | Lair:2   | Reached XP level 12. HP: 86/92 MP: 24/24
 15114 | Lair:2   | Reached skill level 7 in Armour
 15181 | Lair:2   | Noticed an eight-headed hydra
 15406 | Lair:3   | Reached skill level 8 in Armour
 15446 | Lair:3   | Reached skill level 7 in Air Magic
 15619 | Lair:3   | Found a staircase to the Snake Pit.
 15833 | Lair:3   | Reached skill level 8 in Summonings
 16473 | Lair:4   | Reached skill level 8 in Air Magic
 16699 | Lair:4   | Noticed a five-headed hydra
 16712 | Lair:4   | Killed a five-headed hydra
 17572 | Lair:5   | Got a slimy great sword
 17889 | Lair:6   | Entered Level 6 of the Lair of Beasts
 17945 | Lair:6   | Reached skill level 9 in Air Magic
 17949 | Lair:6   | Reached skill level 9 in Summonings
 18376 | Lair:6   | Noticed a six-headed hydra
 18402 | Lair:6   | Killed a six-headed hydra
 18402 | Lair:6   | Reached skill level 9 in Armour
 18426 | Lair:6   | Reached XP level 13. HP: 51/98 MP: 6/25
 18630 | Lair:6   | Reached skill level 9 in Spellcasting
 18875 | Lair:6   | Reached skill level 7 in Hexes
 18911 | Lair:6   | Reached skill level 8 in Hexes
 19439 | Lair:6   | Found a staircase to the Slime Pits.
 19702 | Orc:1    | Entered Level 1 of the Orcish Mines
 19702 | Orc:1    | Found Pegab's Magic Scroll Boutique.
 19754 | Orc:1    | Bought a scroll of identify for 30 gold pieces
 19754 | Orc:1    | Bought a scroll of identify for 30 gold pieces
 19754 | Orc:1    | Identified the cursed +0 great sword "Otycun" {slice, rElec rPois Str-4 Dex+3} (You found it on level 5 of the Lair of Beasts)
 19759 | Orc:1    | Bought 3 scrolls of enchant armour for 337 gold pieces
 19759 | Orc:1    | Bought a scroll of enchant armour for 112 gold pieces
 19841 | Orc:1    | Noticed an ettin
 19853 | Orc:1    | Killed an ettin
 20170 | Orc:2    | Entered Level 2 of the Orcish Mines
 20170 | Orc:2    | Found a staircase to the Elven Halls.
 20205 | Orc:2    | Noticed an orc warlord
 20218 | Orc:2    | Killed an orc warlord
 20218 | Orc:2    | Reached skill level 9 in Fighting
 20246 | Orc:2    | Noticed Blork the orc
 20246 | Orc:2    | HP: 20/101 [orc sorcerer/bolt of fire (37)]
 20249 | Orc:2    | Killed Blork the orc
 20273 | Orc:2    | Found a roughly hewn altar of Beogh.
 20283 | Orc:2    | Found Segiet's Antique Weapon Emporium.
 20288 | Orc:2    | Found Oniad's General Store.
 20294 | Orc:2    | Found Eskuvu's Jewellery Emporium.
 20298 | Orc:2    | Found Luphuenk's Antique Armour Emporium.
 20299 | Orc:2    | Noticed Maruxus's ghost (journeyman MiBe)
 20307 | Orc:2    | Killed Maruxus's ghost
 20421 | Orc:2    | Bought a cursed amulet of inaccuracy for 28 gold pieces
 20421 | Orc:2    | Bought a cursed -2 ring of slaying for 28 gold pieces
 20421 | Orc:2    | Bought a cursed -6 ring of intelligence for 28 gold pieces
 20442 | Orc:2    | Bought a scroll of enchant armour for 97 gold pieces
 20459 | Orc:2    | Bought a pair of slimy gloves for 332 gold pieces
 20680 | Orc:2    | Found a roughly hewn altar of Beogh.
 20920 | Orc:2    | Bought a pair of boots for 157 gold pieces
 20930 | Orc:2    | Identified the +1 pair of gloves "Tyodgh Yseurr" {rPois Str+2 Slay+4} (You bought it in a shop on level 2 of the Orcish Mines)
 20976 | Orc:1    | Found a roughly hewn altar of Beogh.
 20976 | Orc:1    | Noticed an ettin
 21010 | Orc:1    | Killed an ettin
 21017 | Orc:1    | Reached skill level 9 in Dodging
 21180 | Orc:1    | Bought a scroll of vulnerability for 112 gold pieces
 21180 | Orc:1    | Bought a scroll of summoning for 142 gold pieces
 21180 | Orc:1    | Bought a scroll of teleportation for 45 gold pieces
 21619 | D:11     | Reached skill level 1 in Long Blades
 21858 | D:11     | Identified the Catalogue of Dislocation
 22353 | D:12     | Reached skill level 2 in Long Blades
 22369 | D:12     | Reached skill level 3 in Long Blades
 22436 | D:12     | Noticed Rupert
 22450 | D:12     | Killed Rupert
 22450 | D:12     | Reached skill level 5 in Long Blades
 22458 | D:12     | Noticed Fannar
 22494 | D:12     | Killed Fannar
 22494 | D:12     | Reached skill level 6 in Long Blades
 22595 | D:12     | Found a snail-covered altar of Cheibriados.
 22610 | D:12     | Reached XP level 14. HP: 108/108 MP: 27/27
 22622 | D:12     | Reached skill level 7 in Long Blades
 22904 | D:13     | HARK
 22973 | D:13     | Found a labyrinth entrance.
 23004 | Lab      | Entered a labyrinth
 23079 | Lab      | Reached skill level 8 in Long Blades
 23354 | Lab      | hmm
 23872 | D:13     | Reached skill level 9 in Evocations
 23988 | D:13     | Found a gate to the Vaults.
 24449 | D:14     | Noticed Urug
 24471 | D:14     | Killed Urug
 24582 | D:14     | Reached skill level 10 in Evocations
 24646 | D:14     | Noticed Sonja
 24676 | D:14     | Killed Sonja
 24726 | D:14     | Learned a level 2 spell: Ensorcelled Hibernation
 24865 | D:14     | Found a deep blue altar of Sif Muna.
 25303 | D:15     | Entered Level 15 of the Dungeon
 25311 | D:15     | Reached ****** piety under the Shining One
 25344 | D:15     | Reached skill level 11 in Evocations
 25628 | D:15     | Found a staircase to the Depths.
 25842 | D:15     | Reached skill level 9 in Long Blades
 26452 | D:15     | Reached XP level 15. HP: 105/113 MP: 28/28
 27008 | Swamp:1  | Entered Level 1 of the Swamp
 27265 | Swamp:1  | Learned a level 2 spell: Swiftness
 27268 | Swamp:1  | Learned a level 2 spell: Passwall
 27340 | Swamp:1  | Reached skill level 10 in Long Blades
 27964 | Swamp:2  | Noticed Nikola
 27982 | Swamp:2  | Killed Nikola
 28122 | Swamp:2  | Learned a level 5 spell: Summon Mana Viper
 28803 | Swamp:3  | Identified the amulet of Gohezeysh {RegenMP rF+} (You found it on level 3 of the Swamp)
 29101 | Swamp:3  | Reached skill level 11 in Long Blades
 29803 | Swamp:4  | Entered Level 4 of the Swamp
 30373 | Swamp:4  | Noticed a thorn hunter
 30393 | Swamp:4  | Killed a thorn hunter
 30672 | Swamp:4  | Reached XP level 16. HP: 76/120 MP: 29/29
 30691 | Swamp:4  | Noticed a thorn hunter
 30701 | Swamp:4  | Killed a thorn hunter
 30803 | Swamp:4  | Got a decaying rune of Zot
 31683 | Vaults:1 | Entered Level 1 of the Vaults
 31731 | Vaults:1 | Found Bezurevuu's General Store.
 31748 | Vaults:1 | Bought 2 potions of resistance for 260 gold pieces
 31748 | Vaults:1 | Bought a scroll of identify for 26 gold pieces
 32358 | Vaults:1 | Reached skill level 10 in Fighting
 32604 | Vaults:1 | Reached skill level 9 in Invocations
 33103 | Vaults:1 | Reached skill level 10 in Invocations
 33619 | Vaults:1 | Got a spiked scale mail
 33620 | Vaults:1 | Identified the cursed +0 scale mail "Wurchaaqo" {+Fly rF+ rC- Str+3} (You found it on level 1 of the Vaults)
 33937 | Vaults:2 | Noticed a sphinx
 33945 | Vaults:2 | Killed a sphinx
 33980 | Vaults:2 | Reached XP level 17. HP: 102/128 MP: 30/30
 34196 | Vaults:2 | Reached skill level 11 in Invocations
 34739 | Vaults:2 | Noticed a sphinx
 34754 | Vaults:2 | Killed a sphinx
 35035 | Vaults:2 | Reached skill level 1 in Translocations
 35047 | Vaults:2 | Found a portal to a secret trove of treasure.
 35088 | Vaults:2 | Reached skill level 2 in Translocations
 35211 | Vaults:2 | Reached skill level 3 in Translocations
 35354 | Vaults:3 | Reached skill level 4 in Translocations
 35509 | Vaults:3 | Reached skill level 5 in Translocations
 35546 | Vaults:3 | Reached skill level 6 in Translocations
 35607 | Vaults:3 | Got a pitted hunting sling
 35942 | Vaults:3 | Reached skill level 10 in Armour
 36221 | Vaults:3 | Found Siheynad's Antique Weapon Shop.
 36275 | Vaults:3 | Reached XP level 18. HP: 82/134 MP: 30/31
 36933 | Vaults:3 | Found a staircase to the Crypt.
 37066 | Vaults:3 | Reached skill level 11 in Armour
 37309 | Vaults:4 | Paralysed by a hornet for 2 turns
 37367 | Vaults:4 | Noticed Jory
 37390 | Vaults:4 | Killed Jory
 37505 | Vaults:4 | Reached skill level 9 in Hexes
 38016 | Vaults:4 | Learned a level 3 spell: Recall
 38022 | Vaults:4 | Learned a level 5 spell: Aura of Abjuration
 38306 | Vaults:4 | Found Sudiag's General Store.
 38314 | Vaults:4 | Bought a potion of heal wounds for 80 gold pieces
 38314 | Vaults:4 | Bought a scroll of identify for 32 gold pieces
 38673 | Crypt:1  | Entered Level 1 of the Crypt
 39636 | Crypt:1  | Found a basalt altar of Yredelemnul.
 39958 | Crypt:2  | Reached skill level 10 in Summonings
 39958 | Crypt:2  | Reached XP level 19. HP: 140/140 MP: 26/32
 39963 | Crypt:2  | Reached skill level 10 in Air Magic
 40050 | Crypt:2  | Reached skill level 10 in Hexes
 40436 | Crypt:2  | Noticed Jorgrun
 40446 | Crypt:2  | Killed Jorgrun
 40546 | Crypt:2  | Reached skill level 10 in Spellcasting
 40723 | Crypt:2  | Reached skill level 4 in Transmutations
 40723 | Crypt:2  | Reached skill level 1 in Earth Magic
 40761 | Crypt:2  | Found a deep blue altar of Sif Muna.
 40777 | Crypt:2  | Reached skill level 2 in Earth Magic
 40874 | Crypt:2  | Reached skill level 3 in Earth Magic
 40877 | Crypt:2  | Reached skill level 5 in Transmutations
 40938 | Crypt:2  | Identified the amulet "Cezani" {RegenMP Int+2} (You took it off a vampire mage on level 2 of the Crypt)
 41022 | Crypt:2  | Reached skill level 4 in Earth Magic
 41144 | Crypt:2  | Reached skill level 6 in Transmutations
 41175 | Crypt:3  | Entered Level 3 of the Crypt
 41250 | Crypt:3  | Reached skill level 5 in Earth Magic
 41329 | Crypt:3  | Reached skill level 6 in Earth Magic
 41365 | Crypt:3  | Reached skill level 7 in Transmutations
 41406 | Crypt:3  | HP: 27/140 [broad axe of chopping (3)]
 41440 | Crypt:3  | Reached skill level 7 in Earth Magic
 41531 | Crypt:3  | Noticed a bone dragon
 41545 | Crypt:3  | Killed a bone dragon
 41545 | Crypt:3  | Reached skill level 6 in Shields
 41581 | Crypt:3  | Found a staircase to the Tomb.
 41713 | Crypt:3  | Reached skill level 7 in Shields
 41779 | Crypt:3  | Noticed a lich
 41786 | Crypt:3  | Killed a lich
 41845 | Crypt:3  | Noticed a lich
 41859 | Crypt:3  | Killed a lich
 41863 | Crypt:3  | Reached skill level 8 in Shields
 42028 | Crypt:3  | Identified the ring of Generosity {rF+ rN+ Str+3 Int+2 Dex-5} (You took it off a death knight on level 3 of the Crypt)
 42104 | Crypt:3  | Identified the ring of Zusugg {rN+ Int+5} (You found it on level 3 of the Crypt)
 42105 | Crypt:3  | Identified the ring of Dishonour {rElec rN+ Int+4 Dex+4} (You found it on level 3 of the Crypt)
 42171 | Crypt:3  | Found an ancient bone altar of Kikubaaqudgha.
 42209 | Crypt:3  | Identified Sif Muna's Guide on Poisonous Changing
 42218 | Crypt:3  | Identified the Guide on Evil Arts
 42415 | Crypt:3  | Identified an eudemon blade of holy wrath {god gift} (a demon blade blessed by the Shining One)
 42415 | Crypt:3  | Received a gift from the Shining One
 42488 | Crypt:2  | Reached skill level 9 in Shields
 42902 | D:6      | Bought a Fen Folio for 1050 gold pieces
 43116 | Orc:1    | Bought a scroll of fear for 52 gold pieces
 43116 | Orc:1    | Bought a scroll of magic mapping for 52 gold pieces
 43116 | Orc:1    | Bought a scroll of teleportation for 45 gold pieces
 43143 | Orc:2    | Bought a scroll of blinking for 97 gold pieces
 43143 | Orc:2    | Bought a scroll of teleportation for 39 gold pieces
 43417 | Vaults:2 | You paid a toll of Fen Folio to enter a treasure trove
 43418 | Trove    | Entered a treasure trove
 43428 | Trove    | Got a coiled lead amulet
 43434 | Trove    | Got a scorched emerald amulet
 43436 | Trove    | Got a scorched amethyst amulet
 43564 | D:13     | Identified the amulet "Hoicup" {Spirit rF+ Str+3 Int+4 Stlth-} (You found it in a treasure trove)
 43565 | D:13     | Identified the amulet of Pride {+Rage rN+ Str+3} (You found it in a treasure trove)
 43566 | D:13     | Identified the amulet of the Hart {Harm *Drain rC+++ MR+ Slay-4 Stlth+} (You found it in a treasure trove)
 43709 | Elf:1    | Entered Level 1 of the Elven Halls
 43709 | Elf:1    | Noticed Frances
 43720 | Elf:1    | Killed Frances
 43945 | Elf:1    | Reached XP level 20. HP: 147/147 MP: 34/34
 43970 | Elf:1    | Found Nyd Nupi's Assorted Antiques.
 43974 | Elf:1    | Reached skill level 10 in Dodging
 43977 | Elf:1    | Found Wodda's Antique Weapon Shoppe.
 43987 | Elf:1    | Bought a scroll of identify for 88 gold pieces
 43987 | Elf:1    | Bought a scroll of identify for 88 gold pieces
 43987 | Elf:1    | Bought a potion of agility for 176 gold pieces
 43987 | Elf:1    | Bought a scroll of teleportation for 132 gold pieces
 43987 | Elf:1    | Bought a scroll of fear for 154 gold pieces
 44004 | Elf:1    | Found Tisofa's Antique Weapon Emporium.
 44058 | Elf:1    | Noticed Roxanne
 44538 | Elf:1    | Found Nouseudgh's Assorted Antiques.
 44798 | Elf:1    | Found Wuqis's Magic Scroll Shop.
 44816 | Elf:1    | Bought a scroll of enchant armour for 120 gold pieces
 44816 | Elf:1    | Bought a scroll of blinking for 120 gold pieces
 44816 | Elf:1    | Bought a scroll of teleportation for 48 gold pieces
 44816 | Elf:1    | Bought a scroll of fog for 32 gold pieces
 44816 | Elf:1    | Bought a scroll of magic mapping for 56 gold pieces
 44895 | Elf:2    | oops
 44905 | Elf:2    | 30gp for this bazaar
 44926 | Elf:2    | Found a flickering gateway to a bazaar.
 45079 | Elf:2    | Identified the amulet "Mahaoraph" {Inacc MP+9 Dex+3} (You found it on level 2 of the Elven Halls)
 45124 | Elf:2    | Found a runed gate.
 45124 | Elf:2    | Found a runed gate.
 45126 | Elf:2    | Found a runed gate.
 45302 | Bazaar   | Entered a bazaar
 45302 | Bazaar   | Found Ohiufirph's Jewellery Boutique.
 45302 | Bazaar   | Found Mem Nuve's Jewellery Boutique.
 45328 | Bazaar   | Found Vekusap's Jewellery Shop.
 45377 | Bazaar   | Found Fobaqyub's Antique Armour Boutique.
 45417 | Bazaar   | Bought a cursed ring of loudness for 45 gold pieces
 45671 | Elf:2    | Reached skill level 11 in Dodging
 46002 | Elf:3    | Entered Level 3 of the Elven Halls
 46003 | Elf:3    | HARK
 46066 | Elf:3    | Noticed hollowman's ghost (adept GrFi)
 46282 | Elf:3    | Killed hollowman's ghost
 46332 | Elf:3    | Found a magical portal.
 46340 | WizLab   | Entered The Roulette of Golubria
 46340 | WizLab   | Found a transporter.
 46345 | WizLab   | Found a corrupted altar of Lugonu.
 46367 | WizLab   | Found a transporter.
 46422 | WizLab   | Found a transporter.
 46484 | WizLab   | Found a transporter.
 46537 | WizLab   | Found a transporter.
 46559 | WizLab   | Found a transporter.
 46642 | WizLab   | Found a transporter.
 46667 | WizLab   | Found a transporter.
 46667 | WizLab   | Found a transporter.
 46731 | WizLab   | Found a transporter.
 46735 | WizLab   | Found a transporter.
 46760 | WizLab   | Got a heavily runed cloak
 46785 | WizLab   | Got a pitted cloak
 46806 | WizLab   | Identified the +1 cloak "Ubliqu" {MR++} (You found it in a wizard's laboratory)
 46807 | WizLab   | Identified the +2 cloak of Xom's Esteem {Slay+3} (You found it in a wizard's laboratory)
 46808 | WizLab   | hmm
 46808 | WizLab   | tough choices
 46808 | WizLab   | Found a transporter.
 46808 | WizLab   | Found a transporter.
 46841 | WizLab   | Found a transporter.
 46873 | WizLab   | Found a transporter.
 46892 | WizLab   | Identified the Compendium of the Voyage
 46896 | WizLab   | Learned a level 2 spell: Shroud of Golubria
 46922 | WizLab   | Found a transporter.
 46922 | WizLab   | Found a transporter.
 46949 | WizLab   | Found a transporter.
 46949 | WizLab   | Found a transporter.
 47007 | WizLab   | Found a transporter.
 47325 | Elf:3    | Reached skill level 11 in Fighting
 47440 | Elf:3    | Noticed a Brimstone Fiend
 47441 | Elf:3    | Reached XP level 21. HP: 137/156 MP: 35/35
 47755 | Elf:3    | Learned a level 2 spell: Blink
 47764 | Elf:3    | Identified Xozolla's Compendium of Gliding Curses
 47771 | Elf:3    | Learned a level 5 spell: Silence
 47799 | Elf:3    | Identified the ring of Xitwaor {rF+ rC+ Stlth+} (You took it off a deep elf demonologist on level 3 of the Elven Halls)
 48735 | Snake:1  | Entered Level 1 of the Snake Pit
 48937 | Snake:1  | You fall through a shaft!
 49080 | Snake:2  | Noticed Louise
 49091 | Snake:2  | Killed Louise
 49246 | Snake:2  | Reached skill level 12 in Fighting
 50710 | Snake:4  | Entered Level 4 of the Snake Pit
 51782 | Snake:4  | Reached skill level 12 in Armour
 51792 | Snake:4  | HP: 25/159 [cloud of flame (7)]
 51793 | Snake:4  | Reached XP level 22. HP: 23/165 MP: 19/36
 51810 | Snake:4  | Was placed under penance by the Shining One
 52187 | Snake:4  | Got a serpentine rune of Zot
 52668 | Depths:1 | Entered Level 1 of the Depths
 52681 | Depths:1 | Noticed Bai Suzhen
 52702 | Depths:1 | Killed Bai Suzhen
 52766 | Depths:1 | Found a gateway to Hell.
 53112 | Depths:1 | Noticed the Enchantress
 53318 | Depths:1 | Killed the Enchantress
 53320 | Depths:1 | Got faerie dragon scales
 53333 | Depths:1 | Identified the +3 faerie dragon scales {rElec rCorr} (You took it off the Enchantress on level 1 of the Depths)
 53389 | Depths:1 | Got a heavily runed cloak
 53390 | Depths:1 | Identified the +1 cloak of Darkness {rF+ rN+} (You found it on level 1 of the Depths)
 53396 | Depths:1 | Found a corrupted altar of Lugonu.
 53397 | Depths:1 | Found a one-way gate to the infinite horrors of the Abyss.
 53619 | Depths:1 | Found Zawkic's Antique Weapon Emporium.
 53877 | Depths:2 | Reached skill level 4 in Throwing
 53905 | Depths:2 | Found a gateway to a ziggurat.
 53923 | Depths:2 | Reached skill level 5 in Throwing
 54151 | Depths:2 | Found Irops's Food Emporium.
 54153 | Depths:2 | Reached skill level 6 in Throwing
 54185 | Depths:2 | Got a jewelled helmet
 54186 | Depths:2 | Identified the +1 helmet of Perpetual Drought {-Tele rElec rCorr Str+7} (You found it on level 2 of the Depths)
 54245 | Depths:2 | Reached skill level 7 in Throwing
 54293 | Depths:2 | Noticed a caustic shrike
 54301 | Depths:2 | Killed a caustic shrike
 54301 | Depths:2 | Reached skill level 8 in Throwing
 54583 | Depths:2 | Was forgiven by the Shining One
 54611 | Depths:2 | Reached skill level 9 in Throwing
 55312 | Depths:2 | Reached XP level 23. HP: 171/171 MP: 33/37
 55317 | Depths:2 | Reached skill level 7 in Translocations
 55465 | Depths:3 | Reached skill level 8 in Translocations
 55629 | Depths:3 | Noticed a juggernaut
 55644 | Depths:3 | Reached skill level 9 in Translocations
 55663 | Depths:3 | Killed a juggernaut
 55833 | Depths:3 | Found a one-way gate leading to the halls of Pandemonium.
 56785 | Depths:3 | Noticed an ancient lich
 56799 | Depths:3 | Killed an ancient lich
 56799 | Depths:3 | Reached skill level 8 in Transmutations
 56799 | Depths:3 | Reached skill level 8 in Earth Magic
 56821 | Depths:3 | Identified the amulet "Yvager" {Reflect rPois Str+4 SH+5} (You found it on level 3 of the Depths)
 57147 | Depths:4 | Noticed a caustic shrike
 57161 | Depths:4 | Killed a caustic shrike
 57257 | Depths:4 | Identified the +3 pair of boots of Fashionability {MR- Int+4 Dex+3} (You found it on level 4 of the Depths)
 57344 | Depths:4 | Noticed a juggernaut
 57412 | Depths:4 | Noticed a golden dragon
 57423 | Depths:4 | Killed a golden dragon
 57423 | Depths:4 | Reached skill level 9 in Transmutations
 57442 | Depths:4 | Reached skill level 9 in Earth Magic
 57446 | Depths:4 | Noticed a juggernaut
 57480 | Depths:4 | Reached skill level 1 in Charms
 57489 | Depths:4 | Killed a juggernaut
 57489 | Depths:4 | Reached skill level 3 in Charms
 57590 | Depths:4 | Killed a juggernaut
 57840 | Depths:4 | Got a crude iron ring
 57841 | Depths:4 | Identified the ring "Rialugo" {Ice rPois rN+++ Int-4 Stlth+} (You found it on level 4 of the Depths)
 57921 | Depths:4 | Reached XP level 24. HP: 180/180 MP: 37/37
 57986 | Depths:4 | Identified the +4 broad axe of Capital Punishment {antimagic, *Drain +Blink MR+ Str+2} (You took it off a frost giant on level 4 of the Depths)
 57996 | Depths:4 | Found Nuul's Weapon Shop.
 58585 | Depths:4 | Reached skill level 13 in Fighting
 58643 | Depths:5 | Entered Level 5 of the Depths
 58726 | Depths:5 | Got a coiled jade ring
 58727 | Depths:5 | Identified the ring "Idagedar" {Fire rN+} (You found it on level 5 of the Depths)
 58897 | Depths:5 | Noticed Boris
 58918 | Depths:5 | Killed Boris
 58946 | Depths:5 | Got a scorched steel ring
 59022 | Depths:5 | Identified the ring of the Enemy {+Blink rC+++ Str+2 Int+5 Dex-5} (You took it off a deep elf knight on level 5 of the Depths)
 59088 | Depths:5 | Found a gate to the Realm of Zot.
 59116 | Depths:5 | Noticed Sojobo
 59149 | Depths:5 | Noticed a juggernaut
 59185 | Depths:5 | Killed a juggernaut
 59304 | Depths:5 | Found a snail-covered altar of Cheibriados.
 59344 | Depths:5 | Got a pair of slimy boots
 59355 | Depths:5 | Identified the cursed +0 pair of boots of the Doldrums {rC- Int+7 SInv Stlth+} (You found it on level 5 of the Depths)
 59490 | Depths:5 | Found a burning altar of Makhleb.
 59557 | Depths:5 | Killed Sojobo
 59557 | Depths:5 | Reached skill level 10 in Shields
 59628 | Depths:5 | Got a warped amber ring
 59723 | Depths:5 | Identified the ring of Satyriasis {+Fly Int+3} (You took it off an orc on level 5 of the Depths)
 60272 | Vaults:5 | Entered Level 5 of the Vaults
 60272 | Vaults:5 | Noticed an ancient lich
 60334 | Vaults:5 | Reached XP level 25. HP: 107/188 MP: 3/37
 60341 | Vaults:5 | Killed an ancient lich
 60341 | Vaults:5 | Reached skill level 11 in Shields
 60603 | Vaults:5 | Got a coiled bone ring
 60810 | Vaults:5 | Noticed Saint Roka
 60821 | Vaults:5 | Reached skill level 12 in Shields
 60821 | Vaults:5 | HP: 35/188 [Saint Roka/divine providence (11)]
 61029 | Vaults:5 | Identified the ring "Wibualak" {rC+ SInv} (You took it off a yaktaur captain on level 5 of the Vaults)
 61049 | Vaults:5 | Got an iridescent glaive {drain}
 61720 | Vaults:5 | Got a silver rune of Zot
 61782 | Vaults:5 | Noticed an ancient lich
 61798 | Vaults:5 | Killed an ancient lich
 61810 | Vaults:5 | Got a scintillating bronze ring
 61836 | Vaults:5 | Reached skill level 12 in Evocations
 61838 | Vaults:5 | Reached XP level 26. HP: 189/195 MP: 25/37
 61938 | Vaults:5 | Killed Saint Roka
 61991 | Vaults:5 | Identified the ring of Eternity {+Inv rF+ rC- rN+ SInv Stlth+} (You took it off an orc warrior on level 5 of the Vaults)
 62106 | Vaults:5 | Got twisted storm dragon scales
 62171 | Vaults:5 | Found Vint's General Store.
 62177 | Vaults:5 | Bought 2 scrolls of enchant armour for 210 gold pieces
 62334 | Vaults:5 | Identified the cursed +0 storm dragon scales "Ecvi Efo" {rElec Int+4} (You found it on level 5 of the Vaults)
 63019 | Elf:1    | Bought a scroll of identify for 72 gold pieces
 63019 | Elf:1    | Bought a scroll of teleportation for 108 gold pieces
 63019 | Elf:1    | Bought 2 potions of agility for 288 gold pieces
 63483 | Zot:1    | Entered Level 1 of the Realm of Zot
 63966 | Zot:5    | Entered Level 5 of the Realm of Zot
 64212 | Zot:5    | Noticed an orb of fire
 64233 | Zot:5    | Killed an orb of fire
 64269 | Zot:5    | Noticed an orb of fire
 64294 | Zot:5    | Gained mutation: Armour fits poorly on your strangely shaped body. [an orb of fire]
 64295 | Zot:5    | Killed an orb of fire
 64599 | Zot:5    | Noticed an orb of fire
 64609 | Zot:5    | Noticed an orb of fire
 64611 | Zot:5    | Noticed an orb of fire
 64615 | Zot:5    | Gained mutation: You are covered in fur. (AC +1) [an orb of fire]
 64626 | Zot:5    | Gained mutation: You sometimes yell uncontrollably at your foes. [an orb of fire]
 64628 | Zot:5    | Killed an orb of fire
 64628 | Zot:5    | Reached skill level 13 in Evocations
 64641 | Zot:5    | Killed an orb of fire
 64646 | Zot:5    | Gained mutation: You expend magic power (3 MP) to strengthen your wands. [an orb of fire]
 64652 | Zot:5    | Killed an orb of fire
 64753 | Zot:5    | Noticed an ancient lich
 64777 | Zot:5    | Killed an ancient lich
 64777 | Zot:5    | Reached XP level 27. HP: 120/201 MP: 1/37
 64805 | Zot:5    | Noticed an ancient lich
 64818 | Zot:5    | Killed an ancient lich
 64947 | Zot:5    | Noticed an ancient lich
 64958 | Zot:5    | Killed an ancient lich
 65142 | Zot:5    | Noticed an orb of fire
 65145 | Zot:5    | Gained mutation: You are weak. (Str -2) [an orb of fire]
 65146 | Zot:5    | Noticed an orb of fire
 65147 | Zot:5    | Got the Orb of Zot
 65147 | Zot:5    | Gained mutation: Scrolls take you a little longer to read. [an orb of fire]
 65183 | Zot:5    | Noticed Qilu the pandemonium lord
 65200 | Zot:5    | Killed Qilu the pandemonium lord
 65217 | Zot:5    | Noticed an orb of fire
 65218 | Zot:5    | Noticed an ancient lich
 65230 | Zot:5    | Was placed under penance by the Shining One
 65231 | Zot:5    | yep.
 65339 | Zot:4    | Gained mutation: Your magical capacity is low. (-10% MP) [a neqoxec]
 65562 | Depths:3 | Noticed Boebbauf the pandemonium lord
 65586 | Depths:2 | Noticed Lypsaaz the pandemonium lord
 65602 | Depths:2 | Noticed Dioz Eran the pandemonium lord
 65608 | Depths:2 | HP: 32/201 [???[Lypsaaz] (15)]
 65616 | Depths:2 | HP: 39/201 [???[Dioz Eran] (19)]
 65636 | Depths:2 | HP: 27/201 [Dioz Eran the pandemonium lord (19)]
 65638 | Depths:2 | deuces
 65641 | Depths:2 | Killed from afar by Dioz Eran the pandemonium lord

Vault maps used:
D:1:      lightli_molten_gateway, minmay_misc_feat_enclosed, minmay_cut_off
D:2:      cheibrodos_helix_gallery, nemelex_lonely_heart_becter
D:4:      minmay_temple_entry_mist, first_bread
D:5:      nicolae_qazlal_style_of_elements
D:6:      serial_shops, shop, serial_bayou_lake_a
D:7:      nicolae_ossuary_entry_plus
D:8:      hangedman_cross_veins, minmay_lair_entry_grove, corner_web_ring
D:9:      lemuel_coloured_pillars_altar, kennysheep_generic_room_3, uniq_psyche
D:10:     orc_0_dummy, uniq_maurice
D:12:     basic_altar, uniq_fannar, uniq_rupert
D:13:     david_vaults_5, lab_entry_generic
D:14:     lemuel_blue_sif_altar, uniq_sonja, uniq_urug
D:15:     grunt_enter_depths_magical_seal, minmay_crystal_room,
          hangedman_decor_opposing, pond
Temple:   grunt_wide_crystal_templ
Lair:1:   grunt_forest_large_clearings, serial_bayou_shore_a,
          uniq_prince_ribbit2
Lair:2:   swamp_mist, fungi_pond_lemuel, serial_bayou_shore_b
Lair:3:   minmay_snake_entry_guardpost_small
Lair:5:   gammafunk_lair_bear_cave
Lair:6:   grunt_lair_end_beastmaster, minmay_slime_entry_oklob_enclosed,
          grunt_megastairs_4, serial_bayou_shore_b, serial_bayou_shore_b
Swamp:1:  evilmike_swamp_ruin_rubble_1, swamp_pool5, infiniplex_staircase_pool
Swamp:2:  nicolae_swamp_little_tower, uniq_nikola, uniq_aizul
Swamp:3:  serial_swamp_ruin, evilmike_swamp_ruin_house_6,
          evilmike_swamp_ruin_house_3
Swamp:4:  swamp_alternative
Snake:2:  uniq_louise
Snake:4:  grunt_snake_rune_serpentine_throne
Orc:1:    basic_altar, serial_shops, shop
Orc:2:    grunt_orc_cross, basic_altar
Elf:1:    serial_shops, nicolae_shop_competitors_out_of_business, shop,
          nicolae_shop_statue_plus, shop, shop_statue,
          hangedman_elven_crosses_minicolossus, uniq_frances, uniq_roxanne
Elf:2:    serial_shops, freezing_bzr
Elf:3:    minmay_elf_hall_curves, mu_enter_wizlab_7, lemuel_flame_loot_1
Vaults:1: kb_rosetta, v_misc_5, nicolae_vaults_diagonal_hallway_9, v_misc_27,
          v_misc_27, v_misc_15, grunt_vaults_hallway_short,
          vaults_room_grunt_arrival_ludios, v_pattern_2, ontoclasm_vaults_chip,
          serial_shops, shop
Vaults:2: ontoclasm_vaults_chip, nicolae_vaults_three_branches,
          hangedman_vaults_hat, vaults_standard_mumra_enter_the_diamond,
          nicolae_vaults_network_periphery, v_alt_pattern_6, v_alt_pattern_1,
          vaults_dpeg_hooks, nicolae_vaults_ring_of_whatevers, v_misc_17,
          nicolae_trove_entry_crossroad
Vaults:3: st_cross, nicolae_vaults_network_quincunx,
          nicolae_vaults_network_star, nicolae_vaults_asterisk,
          minmay_crypt_entry_simple_walls, vaults_room_semicircle,
          hangedman_vaults_stream, hangedman_vaults_trim, vaults_mumra_hex,
          ontoclasm_vaults_spin, v_misc_24, serial_shops,
          nicolae_shop_window_shopping
Vaults:4: grunt_vaults_twisty, v_pattern_3, hangedman_vaults_trim,
          nicolae_vaults_big_angled_halls, v_misc_33, vaults_room_pool,
          nicolae_vaults_sealed_display, nicolae_vaults_little_squares_6,
          vaults_room_pool, serial_shops, shop, uniq_jory
Vaults:5: serial_shops, uniq_saint_roka
Crypt:1:  lemuel_mausoleum_altar_yredelemnul
Crypt:2:  hangedman_summoners_spam, uniq_jorgrun
Crypt:3:  cryptofortress_bobbens
Depths:1: roderic_digamma_sauvastika, abyss_entry_flame_altar, serial_shops,
          shop, hell_entry, grunt_ministairs_10, kennysheep_two_boxes,
          uniq_enchantress, uniq_bai_suzhen
Depths:2: hangedman_cross_cluster, ziggurat_fallback, patterned_corridor,
          hangedman_geh_valley, serial_shops, shop, serial_bayou_lagoon_a
Depths:3: constructs_gauntlet_mu_hangedman, hangedman_decor_growths, hell_entry,
          abyss_entry_small_statue_room, grunt_pan_entry_sceptre,
          grunt_tough_drop, serial_bayou_shore_b
Depths:4: minmay_box_of_curves, serial_shops, shop,
          minmay_staircase_statues_hall_small, abyss_entry, hell_entry,
          basic_stair_grate_trap
Depths:5: hangedman_spin_cycle, hell_entry, uniq_boris
Zot:3:    st_stairs_6, kennysheep_underground_church
Zot:4:    zot_minivault_1
Lab:      labyrinth_spiral, nicolae_lab_swirl, nicolae_lab_do_over,
          nicolae_lab_diamond
Bazaar:   bazaar_jpeg_ribbon
Trove:    trove_simple
Ossuary:  ossuary_tomb_2
WizLab:   wizlab_golubria
